Map: Eternal Empire LE

Players

Nice

  • Race: Protoss Protoss
  • Spawn Location: 1:00

PtitDrogo - Winner!

  • Race: Protoss Protoss
  • Spawn Location: 7:00

Event: IEM Katowice 2020

VOD

Have the link to the VOD?

Description

Time

  • Played on: Feb. 25, 2020, 4:18 a.m.
  • Length: 9:40

All games in this series

Show
View Real Time Build Order
Export as new Build Order

Nice Protoss 

Build Orders: Oracle Opening, Zealot Archon 

Get SALT Encoding   

  12  0:00  Probe  
  13  0:12  Probe  
  14  0:17  Pylon  
  14  0:24  Probe  
  15  0:37  Probe (Chrono Boost)  
  15  0:38  Gateway  
  16  0:47  Assimilator  
  16  0:48  Probe (Chrono Boost)  
  17  0:52  Assimilator  
  17  0:53  Probe (Chrono Boost)  
  18  1:05  Probe (Chrono Boost)  
  18  1:09  Gateway  
  19  1:15  Probe (Chrono Boost)  
  20  1:20  Probe (Chrono Boost)  
  21  1:26  Cybernetics Core  
  21  1:36  Probe  
  21  1:38  Pylon  
  22  1:48  Probe  
  23  2:03  Warp Gate, Adept x2  
  23  2:04  Probe  
  23  2:07  Pylon  
  28  2:17  Probe  
  29  2:30  Stargate  
  29  2:35  Stalker x2  
  33  2:42  Pylon  
  33  3:03  Nexus  
  33  3:12  Oracle (Chrono Boost)  
  36  3:21  Probe  
  36  3:24  Pylon  
  37  3:34  Probe  
  38  3:41  Oracle (Chrono Boost)  
  38  3:47  Probe  
  42  3:54  Robotics Facility  
  42  3:59  Probe  
  43  4:08  Shield Battery  
  43  4:11  Probe  
  44  4:23  Probe (Chrono Boost)  
  43  4:26  Probe (Chrono Boost)  
  43  4:31  Adept x2  
  46  4:35  Probe (Chrono Boost)  
  46  4:37  Probe (Chrono Boost)  
  45  4:40  Probe (Chrono Boost)  
  45  4:41  Probe (Chrono Boost), Oracle  
  50  4:49  Immortal (Chrono Boost)  
  50  4:50  Probe  
  55  4:53  Probe  
  55  4:56  Pylon  
  56  5:02  Probe  
  56  5:05  Probe  
  58  5:14  Probe  
  58  5:18  Probe  
  58  5:20  Assimilator  
  56  5:21  Assimilator  
  56  5:25  Immortal (Chrono Boost)  
  56  5:26  Twilight Council  
  60  5:29  Probe  
  60  5:31  Probe  
  62  5:36  Pylon  
  62  5:39  Sentry  
  62  5:41  Probe  
  65  5:43  Probe  
  66  5:54  Warp Prism (Chrono Boost)  
  68  6:00  Gateway  
  68  6:02  Gateway  
  68  6:04  Gateway  
  68  6:05  Charge (Chrono Boost)  
  68  6:10  Gateway  
  68  6:18  Templar Archives  
  68  6:29  Immortal (Chrono Boost)  
  68  6:31  Gateway  
  72  6:34  Gateway  
  72  6:50  Pylon  
  72  6:52  Pylon  
  72  6:54  Pylon  
  72  6:57  High Templar x2, Observer (Chrono Boost)  
  77  7:02  Archon  
  77  7:26  High Templar x2, Zealot x3  
  87  7:31  Archon, Pylon  
  87  7:32  Pylon  
  87  7:34  Pylon  
  87  7:38  Zealot x2  
  87  7:39  Zealot  
  93  7:54  High Templar x2, Zealot  
  93  7:58  Pylon, Archon, Zealot x3  
  99  7:59  Zealot x2  
  99  8:04  Pylon  
  87  8:20  Zealot x6  
  87  8:26  Zealot x2  
  58  8:44  High Templar x3  
  58  8:46  High Templar, Zealot x4, Warp Prism (Chrono Boost)  
  74  8:50  Archon x2  
  65  9:07  Zealot x4  
  73  9:17  Zealot x2  
  73  9:18  High Templar  
  73  9:19  High Templar  
  73  9:22  Pylon  
  81  9:25  Archon  
  81  9:28  Zealot x3  
Show
View Real Time Build Order
Export as new Build Order

PtitDrogo Protoss - Winner!

Build Orders: Zealot Archon 

Get SALT Encoding   

  12  0:00  Probe  
  13  0:12  Probe  
  14  0:17  Pylon  
  14  0:25  Probe (Chrono Boost)  
  15  0:37  Probe (Chrono Boost), Gateway  
  16  0:44  Probe (Chrono Boost)  
  16  0:46  Assimilator  
  17  0:51  Probe  
  17  0:54  Assimilator  
  18  1:03  Probe (Chrono Boost)  
  19  1:11  Gateway  
  19  1:13  Probe (Chrono Boost)  
  19  1:18  Probe (Chrono Boost)  
  20  1:24  Cybernetics Core  
  21  1:29  Probe  
  22  1:34  Pylon  
  22  1:41  Probe  
  23  1:54  Probe  
  24  2:00  Warp Gate (Chrono Boost), Sentry  
  26  2:02  Stalker  
  26  2:08  Pylon  
  28  2:22  Shield Battery  
  28  2:26  Stalker  
  30  2:32  Stalker  
  32  2:44  Nexus  
  32  2:50  Shield Battery  
  32  2:56  Probe  
  32  2:58  Sentry  
  35  3:02  Sentry  
  37  3:05  Shield Battery  
  37  3:16  Probe  
  38  3:25  Forge  
  38  3:28  Probe  
  39  3:42  Pylon  
  40  3:55  Probe (Chrono Boost)  
  40  3:56  Probe (Chrono Boost), Stalker x2  
  40  4:01  Protoss Ground Weapons Level 1 (Chrono Boost)  
  45  4:05  Probe x2 (Chrono Boost)  
  46  4:20  Stalker x2  
  46  4:23  Probe (Chrono Boost)  
  46  4:27  Probe (Chrono Boost)  
  49  4:39  Probe (Chrono Boost)  
  49  4:41  Probe (Chrono Boost)  
  49  4:44  Probe (Chrono Boost)  
  48  4:47  Probe (Chrono Boost)  
  48  4:50  Twilight Council  
  48  4:51  Sentry  
  51  4:53  Probe (Chrono Boost)  
  51  4:54  Assimilator  
  51  4:55  Assimilator  
  53  5:04  Probe (Chrono Boost)  
  53  5:05  Probe (Chrono Boost)  
  54  5:10  Stalker  
  54  5:12  Probe (Chrono Boost)  
  54  5:13  Probe (Chrono Boost)  
  57  5:19  Probe  
  58  5:23  Probe  
  58  5:24  Gateway  
  58  5:27  Gateway  
  58  5:28  Charge  
  59  5:31  Probe  
  59  5:35  Probe  
  61  5:38  Templar Archives  
  61  5:43  Probe  
  61  5:47  Probe  
  62  5:50  Pylon  
  62  5:57  Robotics Facility  
  62  5:58  Protoss Ground Weapons Level 2 (Chrono Boost)  
  62  6:08  Probe  
  63  6:17  Gateway x2  
  63  6:18  Gateway  
  63  6:21  Gateway  
  63  6:24  High Templar x2  
  67  6:26  Zealot  
  67  6:29  Shield Battery  
  69  6:39  Nexus  
  69  6:42  Pylon  
  68  6:49  Warp Prism  
  68  6:53  Pylon  
  70  6:57  Phoenix  
  70  7:00  Pylon, High Templar  
  70  7:01  High Templar  
  74  7:02  Archon  
  74  7:03  Zealot  
  76  7:09  Probe  
  76  7:13  Stalker x2  
  72  7:36  High Templar x2, Zealot x4  
  72  7:37  Zealot  
  86  7:38  Probe  
  86  7:42  Archon x2  
  87  7:44  Probe  
  86  7:56  High Templar  
  86  7:57  High Templar, Zealot x4  
  98  8:02  Archon  
  98  8:09  Zealot x2  
  98  8:12  Pylon  
  88  8:21  Zealot x4  
  86  8:29  Zealot x3  
  83  8:38  Stalker  
  76  8:41  Probe  
  76  8:44  Stalker x2  
  76  8:47  Probe  
  78  8:57  Probe x2  
  78  8:59  Probe  
  81  9:09  Probe x2  
  83  9:11  Probe  
  83  9:13  High Templar  
  83  9:14  High Templar x3, Zealot  
  83  9:15  Zealot  
  96  9:17  Archon  
  96  9:18  Archon  
  96  9:19  Zealot  
  94  9:39  Zealot x4  

Tags
 
Add a new tag
Caveats
  • Supply blocks, unpowered buildings, or Contaminate may cause inaccurate times.
  • Supply counts are checked every 10 seconds.